 Dungeon Crawl Stone Soup version 0.30-a0-43-gbbf338a72c (webtiles) character file.

Game seed: 9837552056111136052

63371 Jeffwins the Markshuman (level 15, -9/95 HPs)
             Began as a Human Hunter on Aug 31, 2022.
             Was the Champion of Okawaru.
             Killed from afar by a tengu reaver (24 damage)
             ... with a bolt of lightning
             ... on level 12 of the Dungeon.
             The game lasted 00:51:03 (25539 turns).

Jeffwins the Markshuman (Human Hunter)             Turns: 25539, Time: 00:51:03

Health: -9/95      AC: 12    Str: 13    XL:     15   Next: 49%
Magic:  5/24       EV: 16    Int: 17    God:    Okawaru [******]
Gold:   685        SH:  0    Dex: 19    Spells: 17/26 levels left

rFire   . . .      SeeInvis .    a - +2 longbow of Doors {vorpal, Will+ Int+4}
rCold   . . .      Faith    +    (shield currently unavailable)
rNeg    . . .      Spirit   .    U - +1 troll leather armour of Patience {rPois Regen+ Stlth+}
rPois   +          Reflect  .    (no helmet)
rElec   .          Harm     .    Q - +0 cloak {rCorr}
rCorr   +          Rampage  .    k - +2 pair of gloves {Stlth+}
Will    ++...                    V - +2 pair of boots {Stlth+}
Stlth   ++++++....               H - amulet of faith {!P}
HPRegen 1.05/turn                E - +4 ring of evasion
MPRegen 0.19/turn                Z - ring of wizardry

@: very slightly contaminated, studying Maces & Flails
A: no striking features
a: Renounce Religion, Heroism, Finesse, Duel


You were on level 12 of the Dungeon.
You worshipped Okawaru.
Okawaru was exalted by your worship.
You visited 4 branches of the dungeon, and saw 20 of its levels.
You also visited: Sewer.

You collected 1692 gold pieces.
You spent 1007 gold pieces at shops.


   Skills:
 - Level 2.0 Fighting
 * Level 15.4 Ranged Weapons
 - Level 6.0 Throwing
 - Level 2.0 Dodging
 - Level 5.0 Stealth
 + Level 6.3 Spellcasting
 * Level 10.0 Necromancy
 * Level 10.0 Earth Magic
 - Level 10.0 Invocations
 - Level 10.0 Evocations


You had 17 spell levels left.
You knew the following spells:

 Your Spells              Type           Power      Damage    Failure   Level
n - Dispel Undead         Necr           39%        3d16      1%          4
z - Borgnjor's Vile Clut  Necr/Erth      19%        N/A       2%          5

Your spell library contained the following spells:

 Spells                   Type           Power      Damage    Failure   Level
 Stone Arrow              Conj/Erth      44%        3d9       2%          3
 Corpse Rot               Necr/Pois/Air  16%        N/A       16%         4
 Dispersal                Tloc           2%         N/A       100%        6
 Orb of Destruction       Conj           2%         9d5       100%        7
 Disjunction              Tloc           2%         N/A       100%        8
 Lehudib's Crystal Spear  Conj/Erth      11%        10d4      100%        8
 Animate Dead             Necr           Unusable   N/A       N/A         4
 Animate Armour           Summ/Erth      Unusable   N/A       N/A         4
 Death Channel            Necr           Unusable   N/A       N/A         6
 Summon Guardian Golem    Hex/Summ       Unusable   N/A       N/A         3
 Spellforged Servitor     Conj/Summ      Unusable   N/A       N/A         7

Inventory:

Hand Weapons
 a - the +2 longbow of Doors (weapon) {vorpal, Will+ Int+4}
   (Okawaru gifted it to you on level 1 of the Lair of Beasts)

   Any ammunition fired from it inflicts extra damage upon your enemies.
   Int:       It affects your intelligence (+4).
   Will:      It increases your willpower.
 w - a +1 triple crossbow of venom
 J - the +5 battleaxe of Terror {spect, rPois rCorr SInv}
   (You found it on level 5 of the Lair of Beasts)

   When its wielder attacks, the weapon's spirit leaps out and strikes again.
   The spirit shares a part of any damage it takes with its wielder.
   rPois:     It protects you from poison.
   SInv:      It lets you see invisible.
   rCorr:     It protects you from acid and corrosion.
 O - the +7 sling "Exzox" {freeze, rPois Str+5}
   (Okawaru gifted it to you on level 2 of the Orcish Mines)

   Any ammunition fired from it freezes those it strikes, dealing additional
   cold damage.
   It can also slow down cold-blooded creatures.
   Str:       It affects your strength (+5).
   rPois:     It protects you from poison.
Missiles
 c - 16 poisoned darts
 K - 2 throwing nets {=f}
 T - 3 curare-tipped darts {=f}
Armour
 k - a +2 pair of gloves of stealth (worn)
 u - the +7 chain mail of Cinet {*Slow Regen+ Str+2}
   (You bought it in a shop on level 2 of the Orcish Mines)

   Str:       It affects your strength (+2).
   Regen:     It increases your rate of health regeneration.
   *Slow:     It may slow you when you take damage.
 D - the +1 robe "Xaseproh" {Int+3 SInv}
   (You found it on level 3 of the Dungeon)

   Int:       It affects your intelligence (+3).
   SInv:      It lets you see invisible.
 G - the +1 ring mail of the Cricket {+Blink Int+3 Slay+3}
   (You bought it in a shop on level 2 of the Orcish Mines)

   Int:       It affects your intelligence (+3).
   Slay:      It affects your accuracy & damage with ranged weapons and melee
   (+3).
   +Blink:    It lets you blink.
 Q - a +0 cloak of preservation (worn)
 U - the +1 troll leather armour of Patience (worn) {rPois Regen+ Stlth+}
   (Okawaru gifted it to you on level 10 of the Dungeon)

   rPois:     It protects you from poison.
   Regen:     It increases your rate of health regeneration.
   Stlth:     It makes you more stealthy.
 V - a +2 pair of boots of stealth (worn)
Jewellery
 g - an amulet of regeneration
 y - an amulet of magic regeneration
 C - a ring of protection from cold
 E - a +4 ring of evasion (left hand)
 H - an amulet of faith (around neck) {!P}
 L - a ring of flight
 Z - a ring of wizardry (right hand)
Wands
 m - a wand of acid (6)
 s - a wand of digging (2)
 v - a wand of charming (18)
 N - a wand of flame (18)
Scrolls
 b - 4 scrolls of enchant weapon
 e - 3 scrolls of teleportation {@r4}
 f - 6 scrolls of magic mapping
 i - 3 scrolls of enchant armour
 j - a scroll of poison {!r}
 n - a scroll of fear
 p - 4 scrolls of butterflies
 t - 6 scrolls of blinking
 A - 2 scrolls of summoning
 B - 5 scrolls of vulnerability {!r}
 R - a scroll of immolation {!r}
 Y - 2 scrolls of amnesia
Potions
 d - 4 potions of haste {unknown}
 h - a potion of lignification {unknown}
 l - 2 potions of cancellation
 o - 7 potions of heal wounds {@q2}
 q - a potion of invisibility {unknown}
 r - 10 potions of curing {unknown}
 x - 3 potions of brilliance
 z - 4 potions of mutation {!q}
 F - 4 potions of flight
 M - 3 potions of might {unknown}
 P - a potion of ambrosia
 S - 2 potions of resistance
 W - a potion of magic {unknown}
Miscellaneous
 I - a condenser vane (inert)
 X - a phantom mirror

Dungeon Overview and Level Annotations

Branches:
Dungeon (12/15)            Temple (1/1) D:4            Lair (5/5) D:10
 Shoals (0/4) Lair:2       Spider (0/4) Lair:3        Slime (0/5) Lair:5
    Orc (2/2) D:9             Elf (0/3) Orc:2         Sewer (visited)

Altars:
Ashenzari
Cheibriados
Dithmenos
Elyvilon
Fedhas
Gozag
Hepliaklqana
Kikubaaqudgha
Makhleb
Nemelex Xobeh
Okawaru
Qazlal
Ru
Sif Muna
Trog
Uskayaw
Vehumet
Wu Jian
Xom
Yredelemnul
Zin
The Shining One
Jiyva

Shops:
Orc:2 (=[*

Annotations:
D:5 1 runed translucent door

#.##..#... #.##......
#.####.### #.# #.#
▒▒▒▒▒ #.# #.# ▒▒▒...▒
#.# #.# ▒▒▒.....▒ #.#
##.## ▒.......▒#####
#.###...##
▒...⌠...Q.@..#
#.#..†....
▒......B▒###.#
#.#.#...## ▒▒▒.....▒
#.# #.#.##.## ▒▒▒..†▒
#.# #.#.##.# ▒▒▒B▒
#.#####.#.##.# ..▒
#.........##.#
...▒###.#####.####.#
.○..▒......<<.......#
....:▒..#########.####


You could see a tengu reaver and a boulder beetle.


Message History

Confirm with . or Enter, or press ? or * to list all spells.
Aiming: Borgnjor's Vile Clutch (dangerous; 3% risk of failure)
Press: ? - help, Shift-Dir - straight line, f/p - boulder beetle
Aim: a boulder beetle (100% to hit)
Zombie hands grab the boulder beetle.
The seven-headed hydra is unaffected.
Zombie hands grab the boulder beetle.
The zombie hands constrict the seven-headed hydra!
You kill the seven-headed hydra!
Okawaru accepts your kill.
The zombie hands constrict the boulder beetle, but do no damage.
The zombie hands constrict the boulder beetle!
The boulder beetle struggles to escape constriction.
The boulder beetle barely misses you.
Your Necromancy skill increases to level 10!
Your Earth Magic skill increases to level 10!
The zombie hands constrict the boulder beetle! x2
The boulder beetle escapes!
The boulder beetle struggles to escape constriction.
There is an open door here.
The zombie hands lose their grip on something.
The tengu reaver attacks as you move away!
The tengu reaver hits you with a +1 battleaxe of venom!!
* * * LOW HITPOINT WARNING * * *
The tengu reaver pecks you!
* * * LOW HITPOINT WARNING * * *
The tengu reaver claws you but does no damage.
The tengu reaver points at you and mumbles some strange words.
The bolt of lightning hits you!!
You die...

Skill      XL: |  1  2  3  4  5  6  7  8  9 10 11 12 13 14 15 |
---------------+----------------------------------------------+-----
Ranged Weapons | 5 6 7 8 9 10 11 12 13 14 15 | 15.4
Evocations     | 1 2 4 5 6 7 8 9 10 | 10.0
Stealth        | 2 3 4 5 |  5.0
Invocations    | 3 5 6 7 8 9 10 | 10.0
Throwing       | 2 4 5 6 |  6.0
Necromancy     | 3 5 7 9 10 | 10.0
Earth Magic    | 3 5 7 9 10 | 10.0
Spellcasting   | 2 3 4 5 6 |  6.3
Fighting       | |  2.0
Dodging        | |  2.0

Action                   |  1- 3 |  4- 6 |  7- 9 | 10-12 | 13-15 || total
-------------------------+-------+-------+-------+-------+-------++-------
Melee: Hand axe          |       |       |       |     9 |       ||     9
       Longbow           |       |       |       |       |     1 ||     1
 Fire: Shortbow          |    50 |    58 |   299 |   683 |    11 ||  1101
       Longbow           |       |       |       |       |   998 ||   998
       Triple crossbow   |       |       |       |       |     1 ||     1
Throw: Dart              |       |       |     5 |    40 |     5 ||    50
 Cast: Borgnjor's Vile C |       |       |       |     8 |   153 ||   161
       Dispel Undead     |       |       |       |       |     2 ||     2
Evoke: Wand              |       |       |     3 |    28 |     2 ||    33
       Piece from Xom's  |       |       |       |    14 |       ||    14
       Condenser vane    |       |       |       |       |     3 ||     3
  Use: Scroll            |       |     6 |     6 |    15 |    12 ||    39
 Stab: Petrified         |       |       |       |     5 |       ||     5
Armor: Leather armour    |     6 |     6 |    15 |       |       ||    27
       Robe              |       |       |    22 |    58 |       ||    80
       Troll leather arm |       |       |       |    46 |   215 ||   261
Dodge: Dodged            |     7 |    14 |    55 |   255 |   476 ||   807

Levels and vault maps discovered:
D:1:      lightli_arrival_quake, layout_loops_ring
D:2:      layout_basic
D:3:      layout_rooms, grunt_dithmenos_smoke_and_mirrors,
          nicolae_uskayaw_murder_on_the_dancefloor,
          hellmonk_ecumenical_altar_arch_garden, minmay_misc_feat_rows,
          minmay_misc_feat_tiny
D:4:      layout_loops_ring, minmay_temple_entry_nine_rooms,
          gup_sewer_entry_glass, item_on_display_a
D:5:      lemuel_insect_pit, layout_rooms, uniq_blork_the_orc
D:6:      layout_basic, marbit_many_paths, nicolae_tso_besieged_by_evil,
          kennysheep_decorative_pillar
D:7:      layout_gridville, water_maze_lemuel
D:8:      minmay_four_partial_circles, layout_gridville
D:9:      layout_roguey, kennysheep_another_room, uniq_amaemon, uniq_psyche,
          uniq_pikel
D:10:     kennysheep_six_static_rooms, layout_long_grid, lair_entry_dummy,
          kennysheep_nondescript, uniq_snorg
D:11:     layout_rooms, fedhas_altar_1
D:12:     layout_loops_ring, hangedman_abyss_or_decor_stagger,
          nicolae_rejected_hall, uniq_gastronok
Temple:   nicolae_temple_bog_church
Lair:1:   layout_cave_pods, chequers_serial_rivers_large_a, grunt_megastairs_4,
          serial_bayou_shore_b
Lair:2:   layout_cave_shapes, minmay_shoals_entry_lonely_mermaid,
          grunt_forest_small_clearings
Lair:3:   layout_hall_layers, nicolae_spider_entry_orb_guardian
Lair:4:   layout_small_grid, infiniplex_staircase_pool, uniq_nessos,
          uniq_josephine
Lair:5:   minmay_lair_end_enchanted_forest, layout_hall_layers, slime_entry_1
Orc:1:    layout_caves, enter_volcano_4, uniq_urug
Orc:2:    grunt_orc_cross, layout_caves

Notes
Turn   | Place    | Note
-------+----------+-------------------------------------------
     0 | D:1      | Jeffwins the Human Hunter began the quest for the Orb.
     0 | D:1      | Reached XP level 1. HP: 16/16 MP: 1/1
   216 | D:1      | Reached XP level 2. HP: 22/22 MP: 2/2
   918 | D:2      | Reached XP level 3. HP: 27/27 MP: 3/3
  1256 | D:2      | HP: 1/27 [iguana (8)]
  1258 | D:2      | Reached skill level 5 in Ranged Weapons
  1258 | D:2      | Reached XP level 4. HP: 2/33 MP: 4/4
  1680 | D:3      | Found a shadowy altar of Dithmenos.
  1686 | D:3      | Found a hide-covered altar of Uskayaw.
  1801 | D:3      | Identified the +6 hand axe "Vuskatru" {pain, rF+ rC+++ rN+
                  | Str-3}
  1807 | D:3      | Found a faded altar of an unknown god.
  1860 | D:3      | You are sucked into a shaft and drop 2 floors!
  1860 | D:5      | Entered Level 5 of the Dungeon
  1862 | D:5      | Noticed a scorpion
  1877 | D:5      | Reached skill level 6 in Ranged Weapons
  1877 | D:5      | Reached XP level 5. HP: 26/38 MP: 5/5
  2032 | D:5      | Noticed a water moccasin
  2040 | D:5      | Killed a water moccasin
  2041 | D:5      | Reached skill level 7 in Ranged Weapons
  2041 | D:5      | Reached skill level 1 in Evocations
  2041 | D:5      | Reached XP level 6. HP: 27/44 MP: 6/6
  2267 | D:5      | Reached skill level 2 in Stealth
  2318 | D:5      | Reached XP level 7. HP: 50/50 MP: 7/7
  2339 | D:5      | Reached skill level 2 in Evocations
  2687 | D:4      | Found a glowing drain.
  2723 | Sewer    | Entered a sewer
  2843 | Sewer    | Noticed Pargi
  2854 | Sewer    | Killed Pargi
  2855 | Sewer    | Reached skill level 3 in Stealth
  3128 | D:3      | Identified the +1 robe "Xaseproh" {Int+3 SInv}
  3700 | D:4      | Found a staircase to the Ecumenical Temple.
  3709 | Temple   | Entered the Ecumenical Temple
  3852 | Temple   | Became a worshipper of Warmaster Okawaru
  3917 | D:4      | Reached skill level 8 in Ranged Weapons
  3917 | D:4      | Reached XP level 8. HP: 56/56 MP: 8/8
  4317 | D:5      | Noticed Blork the orc
  4325 | D:5      | Killed Blork the orc
  4326 | D:5      | Reached skill level 1 in Invocations
  4326 | D:5      | Reached skill level 3 in Evocations
  4495 | D:5      | Found a runed translucent door.
  4497 | D:5      | Found a runed translucent door.
  4501 | D:5      | Reached * piety under Okawaru
  4502 | D:5      | Reached skill level 9 in Ranged Weapons
  4502 | D:5      | Reached skill level 4 in Stealth
  4502 | D:5      | Reached skill level 3 in Invocations
  4502 | D:5      | Reached skill level 4 in Evocations
  4502 | D:5      | Reached XP level 9. HP: 7/61 MP: 9/11
  5057 | D:6      | Reached skill level 5 in Stealth
  5389 | D:6      | Found a glowing golden altar of the Shining One.
  5413 | D:6      | Reached skill level 4 in Invocations
  5453 | D:6      | Reached ** piety under Okawaru
  5480 | D:6      | Identified the +7 hand axe of the Revolution {vorpal,
                  | +Blink rPois Int+4 Stlth-}
  5829 | D:6      | Found a shimmering altar of Xom.
  5924 | D:7      | Reached skill level 10 in Ranged Weapons
  6011 | D:7      | Reached skill level 5 in Evocations
  6241 | D:7      | Noticed a two-headed ogre
  6316 | D:7      | Killed a two-headed ogre
  6316 | D:7      | Reached *** piety under Okawaru
  6317 | D:7      | Reached skill level 5 in Invocations
  6317 | D:7      | Reached XP level 10. HP: 63/67 MP: 13/13
  7182 | D:8      | HP: 6/67 [steam dragon (4)]
  7184 | D:8      | Reached skill level 11 in Ranged Weapons
  7184 | D:8      | Reached skill level 6 in Evocations
  7757 | D:7      | Reached skill level 6 in Invocations
  8667 | D:8      | Reached skill level 1 in Throwing
  8914 | D:9      | Reached **** piety under Okawaru
  9058 | D:9      | Found a staircase to the Orcish Mines.
  9448 | D:9      | Noticed Pikel
  9470 | D:9      | Killed Pikel
  9471 | D:9      | Reached skill level 2 in Throwing
  9596 | D:9      | Reached XP level 11. HP: 72/72 MP: 16/16
  9637 | D:9      | Reached skill level 12 in Ranged Weapons
  9639 | D:9      | Reached skill level 7 in Evocations
  9648 | D:9      | Reached ***** piety under Okawaru
  9650 | D:9      | Reached skill level 7 in Invocations
  9991 | D:9      | Noticed Psyche
  9997 | D:9      | Killed Psyche
 10047 | D:9      | Reached skill level 3 in Throwing
 10326 | D:9      | Learned a level 5 spell: Borgnjor's Vile Clutch
 10425 | D:9      | Reached skill level 1 in Necromancy
 10425 | D:9      | Reached skill level 1 in Earth Magic
 11094 | D:10     | Entered Level 10 of the Dungeon
 11134 | D:10     | Reached skill level 1 in Spellcasting
 11157 | D:10     | Reached skill level 2 in Earth Magic
 11170 | D:10     | Reached skill level 2 in Necromancy
 11616 | D:10     | Noticed Snorg
 11986 | D:10     | Identified the +1 troll leather armour of Patience {rPois
                  | Regen+ Stlth+} (Okawaru gifted it to you on level 10 of the
                  | Dungeon)
 11986 | D:10     | Received a gift from Okawaru
 12326 | D:10     | Killed Snorg
 12327 | D:10     | Reached skill level 3 in Necromancy
 12327 | D:10     | Reached skill level 3 in Earth Magic
 12704 | D:10     | Found a staircase to the Lair.
 13220 | D:10     | Reached skill level 2 in Spellcasting
 13252 | D:11     | Noticed a sun demon
 13309 | D:11     | Noticed a two-headed ogre
 13372 | D:10     | Reached skill level 4 in Throwing
 13427 | D:10     | Noticed a sixfirhy
 13429 | D:10     | Reached XP level 12. HP: 78/78 MP: 17/17
 13541 | D:11     | Identified a potion of resistance
 13766 | D:11     | Killed a two-headed ogre
 13767 | D:11     | Reached skill level 4 in Necromancy
 13767 | D:11     | Reached skill level 4 in Earth Magic
 13860 | D:11     | Reached skill level 8 in Invocations
 13941 | D:11     | Noticed a two-headed ogre
 13957 | D:11     | Killed a two-headed ogre
 13958 | D:11     | Reached skill level 13 in Ranged Weapons
 13986 | D:11     | Found a blossoming altar of Fedhas.
 13995 | D:11     | Noticed a boulder beetle
 14005 | D:11     | Killed a boulder beetle
 14070 | D:11     | Reached skill level 8 in Evocations
 14367 | D:12     | Reached skill level 3 in Spellcasting
 14447 | D:12     | Reached skill level 5 in Necromancy
 14447 | D:12     | Reached skill level 5 in Earth Magic
 14518 | D:12     | Noticed a six-headed hydra
 14580 | Lair:1   | Entered Level 1 of the Lair of Beasts
 14594 | Lair:1   | Reached ****** piety under Okawaru
 14918 | Lair:1   | Noticed a seven-headed hydra
 14926 | Lair:1   | Killed a seven-headed hydra
 14927 | Lair:1   | Reached skill level 5 in Throwing
 15042 | Lair:1   | Reached XP level 13. HP: 27/83 MP: 2/19
 15120 | Lair:1   | Identified the +2 longbow of Doors {vorpal, Will+ Int+4}
                  | (Okawaru gifted it to you on level 1 of the Lair of Beasts)
 15120 | Lair:1   | Received a gift from Okawaru
 15884 | Lair:2   | Identified the +6 falchion of Focus {flame, Str-3 Int+3
                  | Dex+2}
 16047 | Lair:2   | Reached skill level 6 in Necromancy
 16057 | Lair:2   | Reached skill level 6 in Earth Magic
 16159 | Lair:2   | HP: 5/79 [blink frog (11)]
 16973 | Lair:2   | Found a staircase to the Shoals.
 16991 | Lair:2   | Reached skill level 4 in Spellcasting
 17290 | Lair:2   | Received a gift from Okawaru
 17607 | Lair:3   | Noticed a five-headed hydra
 17614 | Lair:3   | Killed a five-headed hydra
 17614 | Lair:3   | Identified the +3 crystal plate armour "Zuamat" {Harm Will-
                  | Dex+5} (Okawaru gifted it to you on level 3 of the Lair of
                  | Beasts)
 17614 | Lair:3   | Received a gift from Okawaru
 18131 | Lair:3   | Found a hole to the Spider Nest.
 18138 | Lair:3   | Reached skill level 7 in Necromancy
 18138 | Lair:3   | Reached skill level 9 in Invocations
 18532 | Lair:4   | Noticed Josephine
 18540 | Lair:4   | Killed Josephine
 18541 | Lair:4   | Reached skill level 14 in Ranged Weapons
 18541 | Lair:4   | Reached skill level 7 in Earth Magic
 18926 | Lair:4   | Reached skill level 6 in Throwing
 19034 | Lair:4   | Received a gift from Okawaru
 19038 | Lair:4   | Reached XP level 14. HP: 65/90 MP: 4/21
 19086 | Lair:4   | Reached skill level 9 in Evocations
 19272 | Lair:4   | Noticed Nessos
 19328 | Lair:4   | Identified the +1 pearl dragon scales of Feasting {rF- rN+
                  | Str-5 Int+7} (Okawaru gifted it to you on level 4 of the
                  | Lair of Beasts)
 19328 | Lair:4   | Received a gift from Okawaru
 19331 | Lair:4   | Killed Nessos
 19786 | Lair:4   | Learned a level 4 spell: Dispel Undead
 20068 | Lair:5   | Entered Level 5 of the Lair of Beasts
 20197 | Lair:5   | Reached skill level 5 in Spellcasting
 20367 | Lair:5   | Reached skill level 8 in Necromancy
 20384 | Lair:5   | Reached skill level 8 in Earth Magic
 20664 | Lair:5   | Found a viscous altar of Jiyva.
 20665 | Lair:5   | Found a staircase to the Slime Pits.
 21081 | Lair:5   | Received a gift from Okawaru
 21238 | Lair:5   | Identified the +5 battleaxe of Terror {spect, rPois rCorr
                  | SInv}
 21710 | Lair:5   | Identified the +7 battleaxe of Incongruity {pain, *Corrode
                  | Will++ Dex+2} (Okawaru gifted it to you on level 5 of the
                  | Lair of Beasts)
 21710 | Lair:5   | Received a gift from Okawaru
 22143 | Orc:1    | Entered Level 1 of the Orcish Mines
 22182 | Orc:1    | Reached skill level 10 in Invocations
 22192 | Orc:1    | Reached skill level 9 in Necromancy
 22212 | Orc:1    | Noticed Urug
 22235 | D:9      | Noticed Amaemon
 22457 | Orc:1    | Paralysed by an orc sorcerer for 4 turns
 22546 | D:9      | Killed Amaemon
 22547 | D:9      | Reached skill level 9 in Earth Magic
 22642 | Orc:1    | Received a gift from Okawaru
 22643 | Orc:1    | Reached skill level 15 in Ranged Weapons
 22643 | Orc:1    | Reached XP level 15. HP: 61/95 MP: 7/23
 22768 | Orc:1    | Killed Urug
 23056 | Orc:1    | Received a gift from Okawaru
 23368 | Orc:2    | Entered Level 2 of the Orcish Mines
 23786 | Orc:2    | Reached skill level 6 in Spellcasting
 24132 | Orc:2    | Noticed Saint Roka
 24158 | Orc:2    | Killed Saint Roka
 24158 | Orc:2    | Identified the +7 sling "Exzox" {freeze, rPois Str+5}
                  | (Okawaru gifted it to you on level 2 of the Orcish Mines)
 24158 | Orc:2    | Received a gift from Okawaru
 24283 | Orc:2    | Reached skill level 10 in Evocations
 24463 | Orc:2    | Found Cosoo's Antique Weapon Boutique.
 24501 | Orc:2    | Found a staircase to the Elven Halls.
 24655 | Orc:2    | Found Selomn's General Store.
 24661 | Orc:2    | Bought a scroll of magic mapping for 105 gold pieces
 24661 | Orc:2    | Bought a scroll of identify for 28 gold pieces
 24661 | Orc:2    | Bought a potion of degeneration for 14 gold pieces
 24661 | Orc:2    | Bought a potion of brilliance for 56 gold pieces
 24700 | Orc:2    | Found Gotaruon's Jewellery Boutique.
 24786 | Orc:2    | Found Ynuolum's Antique Armour Boutique.
 24793 | Orc:2    | Bought a runed cloak for 180 gold pieces
 24793 | Orc:2    | Bought a pair of glowing gloves for 180 gold pieces
 24815 | Orc:2    | Bought a glimmering ring mail for 216 gold pieces
 24815 | Orc:2    | Identified the +1 ring mail of the Cricket {+Blink Int+3
                  | Slay+3} (You bought it in a shop on level 2 of the Orcish
                  | Mines)
 24815 | Orc:2    | Bought an ichor-stained chain mail for 228 gold pieces
 24815 | Orc:2    | Identified the +7 chain mail of Cinet {*Slow Regen+ Str+2}
                  | (You bought it in a shop on level 2 of the Orcish Mines)
 24959 | Orc:1    | Identified a +2 robe of the Archmagi
 25317 | D:12     | HP: 8/91 [seven-headed hydra (7)]
 25528 | D:12     | Noticed a tengu reaver
 25537 | D:12     | Reached skill level 10 in Necromancy
 25537 | D:12     | Reached skill level 10 in Earth Magic
 25539 | D:12     | Killed from afar by a tengu reaver

Vanquished Creatures
  Saint Roka (Orc:2)
  Nessos (Lair:4)
  Snorg (D:10)
  Josephine (Lair:4)
  7 hydras
  A catoblepas (Lair:4)
  A boulder beetle (D:11)
  3 death yaks (Lair:5)
  5 two-headed ogres
  Urug (Orc:1)
  3 orc high priests
  Amaemon (D:9)
  An orb spider (Lair:3)
  Pikel (D:9)
  A deep elf pyromancer (D:12)
  4 orc knights
  An ugly thing (D:11)
  5 orc sorcerers
  3 cyclopes
  A manticore (D:12)
  3 black mambas
  6 elephants
  A merfolk siren (Lair:2)
  A gargoyle (D:10)
  An orange demon (D:9)
  11 cane toads
  An unseen horror (D:11)
  A freezing wraith (D:12)
  Psyche (D:9)
  4 komodo dragons
  4 kobold demonologists (D:10)
  7 trolls
  8 polar bears
  3 hornets (Lair:5)
  10 blink frogs
  2 dream sheep (Lair:5)
  11 spriggans (Lair:5)
  52 yaks
  3 wyverns
  6 wraiths
  2 basilisks
  3 steam dragons
  A vampire mosquito (D:10)
  4 wargs
  2 acid dragons
  13 water moccasins
  29 orc warriors
  Pargi (Sewer)
  An ice beast (D:6)
  5 black bears
  A sky beast (D:8)
  31 wolves
  4 boggarts (Lair:5)
  3 centaurs
  3 phantoms
  A lemure (D:9)
  6 kobold brigands
  Blork the orc (D:5)
  12 bullfrogs
  2 gnoll sergeants
  11 scorpions (D:5)
  7 killer bees
  4 howler monkeys
  3 electric eels
  A crimson imp (D:6)
  2 jellies
  5 hounds
  12 orc priests
  5 iguanas
  21 orc wizards
  5 hell rats (Lair:2)
  8 gnolls
  6 adders
  2 ufetubi
  A worm (D:2)
  2 dart slugs
  62 orcs
  7 endoplasms
  11 giant cockroaches
  2 hobgoblins
  3 jackals (D:4)
  2 quokkas
  4 ball pythons
  2 bats
  9 frilled lizards
  6 goblins
  A goblin zombie (D:6)
  3 hobgoblin zombies (D:6)
  4 kobolds
  A kobold skeleton (D:6)
  A kobold zombie (D:6)
  An orc skeleton (D:6)
  An orc zombie (D:6)
  3 rats
  2 butterflies (D:5)
524 creatures vanquished.

Vanquished Creatures (others)
  A killer bee (D:8)
  An orc (D:8)
  30 fungi
  21 plants
53 creatures vanquished.

Grand Total: 577 creatures vanquished

Table legend: (Time is in decaauts)
 A = Elapsed time spent in this place.
 B = Non-inter-level travel time spent in this place.
 C = Inter-level travel time spent in this place.
 D = Time resting spent in this place.
 E = Time spent auto-exploring this place.
 F = Levels seen in this place.
 G = Mean time per level.
                   A        B        C        D        E       F      G
               +--------+--------+--------+--------+--------+-----+--------+
         Total |  25583 |  24403 |   1180 |   2101 |  18195 |  21 | 1218.2 |
       Dungeon |  15078 |  14529 |    549 |   1946 |  10374 |  12 | 1256.5 |
        Temple |    160 |    127 |     33 |      0 |    113 |   1 |  160.0 |
          Lair |   7545 |   7095 |    450 |    148 |   5707 |   5 | 1509.0 |
  Orcish Mines |   2554 |   2406 |    148 |      7 |   1815 |   2 | 1277.0 |
         Sewer |    244 |    244 |      0 |      0 |    186 |   1 |  244.0 |
               +--------+--------+--------+--------+--------+-----+--------+

Top non-repeatable levels by time:
     D:9: 2456 daAuts
    D:10: 2398 daAuts
  Lair:5: 1917 daAuts
     D:5: 1768 daAuts
     D:8: 1727 daAuts
   Orc:2: 1690 daAuts
  Lair:2: 1668 daAuts
     D:7: 1591 daAuts
  Lair:3: 1397 daAuts
  Lair:4: 1286 daAuts
  Lair:1: 1275 daAuts
     D:6: 924 daAuts
    D:11: 884 daAuts
   Orc:1: 864 daAuts
     D:1: 859 daAuts

Table legend:
 A = Non-vault XP
 B = Vault XP
 C = Vault XP percentage of total XP
 D = Non-vault monster count
 E = Vault monster count
 F = Vault count percentage of total count
                 A         B        C        D         E       F
            +---------+---------+-------+---------+---------+-------
      Total |   59934 |   30596 |  33.8 |     365 |     157 |  30.1
            +---------+---------+-------+---------+---------+-------
        D:1 |      18 |       0 |   0.0 |      11 |       0 |   0.0
        D:2 |      62 |       0 |   0.0 |      13 |       0 |   0.0
        D:3 |      25 |       0 |   0.0 |       8 |       0 |   0.0
        D:4 |     135 |      22 |  14.0 |      18 |       5 |  21.7
        D:5 |     899 |     958 |  51.6 |      18 |      13 |  41.9
        D:6 |     655 |      93 |  12.4 |      13 |      10 |  43.5
        D:7 |    1476 |     206 |  12.2 |      11 |       1 |   8.3
        D:8 |     371 |    1360 |  78.6 |       9 |      14 |  60.9
        D:9 |    2858 |    2172 |  43.2 |      28 |       4 |  12.5
       D:10 |    4187 |    1978 |  32.1 |      21 |       7 |  25.0
       D:11 |    4546 |       0 |   0.0 |      10 |       0 |   0.0
       D:12 |    2625 |    1891 |  41.9 |       4 |       4 |  50.0
     Lair:1 |    4565 |     433 |   8.7 |      18 |       1 |   5.3
     Lair:2 |    6291 |     427 |   6.4 |      36 |       1 |   2.7
     Lair:3 |    5028 |     701 |  12.2 |      18 |       1 |   5.3
     Lair:4 |    8471 |    2889 |  25.4 |      30 |       7 |  18.9
     Lair:5 |    8627 |    7373 |  46.1 |      23 |      41 |  64.1
      Orc:1 |    6361 |     798 |  11.1 |      33 |       1 |   2.9
      Orc:2 |    2734 |    9149 |  77.0 |      43 |      37 |  46.2
      Sewer |       0 |     146 | 100.0 |       0 |      10 | 100.0
            +---------+---------+-------+---------+---------+-------
